 Dungeon Crawl Stone Soup version 0.23.1-44-gbd83930989 (webtiles) character file.

Game seed: 7018806525679667917

512 PentaManta the Slasher (level 7, -2/46 HPs)
             Began as an Octopode Fighter on Mar 30, 2019.
             Was an Initiate of Dithmenos.
             Slain by a killer bee zombie (6 damage)
             ... on level 5 of the Dungeon.
             The game lasted 00:05:20 (4920 turns).

PentaManta the Slasher (Octopode Fighter)           Turns: 4920, Time: 00:05:21

Health: -2/46      AC:  1    Str: 16    XL:     7   Next: 19%
Magic:  7/7        EV: 13    Int: 10    God:    Dithmenos [......]
Gold:   292        SH:  9    Dex: 13    Spells: 6/6 levels left

rFire    . . .     SeeInvis .   a - +0 long sword
rCold    . . .     Gourm    .   b - +0 shield
rNeg     . . .     Faith    .   (helmet restricted)
rPois    .         Spirit   .   (no amulet)
rElec    .         Reflect  .   (no ring)
rCorr    .         Harm     .   (no ring)
MR       .....                  (no ring)
Stlth    ++........             (no ring)
HPRegen  0.15/turn              (no ring)
MPRegen  0.10/turn              (no ring)
                                (no ring)
                                (no ring)

@: flying
A: almost no armour, stealthy swim, amphibious, 8 rings, constrict 8, camouflage
1, gelatinous body 1
a: Renounce Religion


You were on level 5 of the Dungeon.
You worshipped Dithmenos.
Dithmenos was noncommittal.
You were hungry.

You visited 2 branches of the dungeon, and saw 6 of its levels.

You collected 292 gold pieces.

Inventory:

Hand Weapons
 a - a +0 long sword (weapon)
Armour
 b - a +0 shield (worn)
Wands
 l - a wand of flame (10)
Scrolls
 c - a scroll of teleportation {unknown}
 e - 7 scrolls of identify {unknown}
 i - a scroll of random uselessness {unknown}
 j - 2 scrolls of amnesia {unknown}
 k - 4 scrolls of magic mapping {unknown}
 m - 2 scrolls of remove curse {unknown}
 n - a scroll of fog {unknown}
 p - a scroll of noise {unknown}
Potions
 g - a potion of curing
 h - a potion of invisibility {unknown}
 o - 2 potions of brilliance {unknown}
Comestibles
 d - 4 rations


   Skills:
 - Level 3.0 Fighting
 * Level 6.3 Long Blades
 + Level 5.1 Dodging
 - Level 3.0 Shields


You had 6 spell levels left.
You didn't know any spells.
Your spell library was empty.

Dungeon Overview and Level Annotations

Branches:
Dungeon (5/15)             Temple (1/1) D:5

Altars:
Ashenzari
Cheibriados
Dithmenos
Elyvilon
Fedhas
Gozag
Hepliaklqana
Kikubaaqudgha
Makhleb
Nemelex Xobeh
Okawaru
Qazlal
Ru
Sif Muna
Trog
Uskayaw
Vehumet
Wu Jian
Xom
Yredelemnul
Zin
The Shining One

Annotations:
D:4 exclusion: hippogriff
D:5 Pikel


Innate Abilities, Weirdness & Mutations

You cannot wear most types of armour.
You are very stealthy in the water. (Stealth+)
You are amphibious.
You can wear up to eight rings at the same time.
You can use your tentacles to constrict eight enemies at once.
Your skin changes colour to match your surroundings (Stealth+).
Your rubbery body absorbs attacks. (AC +1, EV +1)


Message History

You block the killer bee zombie's attack.
The quokka skeleton completely misses you.
You riposte.
You barely miss the quokka skeleton. You grab the quokka skeleton.
You squeeze the quokka skeleton.
The quokka skeleton is heavily damaged.
The killer bee zombie hits you.
Pikel hits you with a +1 whip of freezing.
* * * LOW HITPOINT WARNING * * *
Pikel freezes you.
* * * LOW HITPOINT WARNING * * *
You feel better.
You constrict Pikel. You constrict the quokka skeleton.
The killer bee zombie hits you.
* * * LOW HITPOINT WARNING * * *
You block the quokka skeleton's attack.
Pikel hits you with a +1 whip of freezing!
* * * LOW HITPOINT WARNING * * *
Pikel freezes you.
* * * LOW HITPOINT WARNING * * *
The killer bee zombie hits you.
You die...

..... ##..... #.....
##...# #...# ###
#.⌠.# ##
#.###...###..# p
#....KZ.......
Z...###..⌠pZ@..⌠....
#.....<...Z.....>..
##.#...###...###...
#....# #.⌠.# #.
##...# #...# #....
...... #.<.. .#.....
......###......
....... ......


You could see Pikel, a slave, a killer bee zombie, an adder skeleton and a
quokka skeleton.

Vanquished Creatures
  Menkaure (D:4)
  2 slaves (Temple)
  A scorpion (D:4)
  A centaur zombie (D:4)
  2 orc priests
  An orc wizard (D:4)
  Ijyb (D:3)
  An iguana (D:4)
  A worker ant (D:4)
  Robin (D:4)
  5 adders
  An adder skeleton (D:4)
  2 worms (D:2)
  5 leopard geckos
  9 orcs
  4 giant cockroaches
  16 goblins
  5 hobgoblins
  2 jackals (D:1)
  A quokka (D:2)
  11 bats
  2 frilled lizards (D:3)
  5 kobolds
  6 rats
86 creatures vanquished.

Notes
Turn   | Place    | Note
-------+----------+-------------------------------------------
     0 | D:1      | PentaManta the Octopode Fighter began the quest for the
                  | Orb.
     0 | D:1      | Reached XP level 1. HP: 16/16 MP: 1/1
    56 | D:1      | Reached XP level 2. HP: 15/21 MP: 2/2
  1033 | D:2      | Reached skill level 3 in Long Blades
  1033 | D:2      | Reached XP level 3. HP: 24/26 MP: 3/3
  1511 | D:2      | Reached XP level 4. HP: 25/31 MP: 4/4
  1666 | D:3      | Noticed Ijyb
  1675 | D:3      | Killed Ijyb
  1994 | D:3      | Reached skill level 4 in Long Blades
  2097 | D:3      | Reached XP level 5. HP: 6/36 MP: 5/5
  2520 | D:3      | Found a glowing silver altar of Zin.
  3076 | D:4      | Reached skill level 5 in Long Blades
  3077 | D:4      | Noticed Menkaure
  3078 | D:4      | Reached XP level 6. HP: 35/42 MP: 6/6
  3088 | D:4      | Killed Menkaure
  3256 | D:4      | Noticed a hippogriff
  3271 | D:4      | Reached skill level 6 in Long Blades
  3417 | D:4      | Reached skill level 5 in Dodging
  3417 | D:4      | Reached XP level 7. HP: 40/46 MP: 7/7
  3518 | D:4      | Noticed Robin
  3534 | D:4      | Killed Robin
  4451 | D:5      | Entered Level 5 of the Dungeon
  4451 | D:5      | Found a staircase to the Ecumenical Temple.
  4463 | Temple   | Entered the Ecumenical Temple
  4865 | Temple   | Became a worshipper of Dithmenos the Shadowed
  4905 | D:5      | Noticed Pikel
  4920 | D:5      | Slain by a killer bee zombie

Skill      XL: |  1  2  3  4  5  6 |
---------------+-------------------+-----
Long Blades    | 3 4 5 6 |  6.3
Dodging        | 4 5 |  5.1
Fighting       | |  3.0
Shields        | |  3.0

Action                   |  1- 3 |  4- 6 |  7- 9 || total
-------------------------+-------+-------+-------++-------
Melee: Long sword        |    61 |    75 |    36 ||   172
       Constrict         |    20 |    22 |    12 ||    54
       Tentacles         |     8 |    15 |     9 ||    32
  Use: Potion            |       |     1 |     5 ||     6
 Stab: Sleeping          |     7 |     4 |       ||    11
  Eat: Chunk             |     2 |     1 |     2 ||     5
       Ration            |       |     1 |     1 ||     2
Armor: Skin              |     4 |     2 |     3 ||     9
Dodge: Dodged            |    23 |    38 |    25 ||    86
Block: Shield            |    20 |    23 |    31 ||    74
       Rpst.: Long sword |     6 |    12 |     8 ||    26
